 Dungeon Crawl Stone Soup version 0.17-a0-1378-g281efdd (webtiles) character file.

98 Steifyn the Cudgeler (level 4, -1/49 HPs)
             Began as an Ogre Berserker on June 14, 2015.
             Was a Believer of Trog.
             Slain by a hippogriff (4 damage)
             ... on level 3 of the Dungeon.
             The game lasted 00:14:48 (1850 turns).

Steifyn the Cudgeler (Ogre Berserker)               Turns: 1850, Time: 00:14:48

Health: -1/49      AC:  3    Str: 22    XL:     4   Next: 71%
Magic:  4/4        EV: 15    Int:  2    God:    Trog [**....]
Gold:   120        SH:  0    Dex: 10    Spells: 0 memorised, 3 levels left

rFire  . . .     SeeInvis .     e - +2 hunting sling (evade)
rCold  . . .     Clarity  .     b - +0 animal skin
rNeg   . . .     SustAt   .     (no shield)
rPois  .         Gourm    .     (helmet restricted)
rElec  .         Spirit   .     (no cloak)
rCorr  .         Warding  .     (gloves unavailable)
rMut   .         Stasis   .     (boots unavailable)
MR     .....                    (no amulet)
Stlth  +.........               (no ring)
                                j - -4 ring of intelligence

@: very slightly contaminated, not resistant to hostile enchantments, very
unstealthy
A: unfitting armour, tough skin 1
a: Burn Spellbooks, Berserk, Trog's Hand, Renounce Religion


You were on level 3 of the Dungeon.
You worshipped Trog.
Trog was pleased with you.
You were not hungry.

You visited 1 branch of the dungeon, and saw 3 of its levels.
You also visited: Sewer.

You collected 120 gold pieces.

Inventory:

Hand weapons
 a - a +0 mace
 e - a +2 hunting sling of evasion (weapon)
Missiles
 h - 28 stones (quivered)
Armour
 b - a +0 animal skin (worn)
Jewellery
 j - a -4 ring of intelligence (left hand)
Scrolls
 k - a scroll of identify
Comestibles
 c - 2 bread rations
 d - a slice of pizza
 g - 3 meat rations


   Skills:
 + Level 4.5 Fighting
 + Level 4.7 Maces & Flails
 + Level 1.6 Slings
 + Level 3.4 Dodging
 + Level 0.1 Stealth


You had 3 spell levels left.
You didn't know any spells.

Dungeon Overview and Level Annotations

Branches:
Dungeon (3/15)

Altars:
Nemelex Xobeh


Innate Abilities, Weirdness & Mutations

You are too large for most types of armour.
You have tough skin (AC +1).


Message History

The stone closely misses the hippogriff.
The hippogriff barely misses you. The hippogriff pecks you.
* * * LOW HITPOINT WARNING * * *
The hippogriff misses you. The hippogriff closely misses you.
The hippogriff barely misses you.
The hippogriff claws you but does no damage.
The orc barely misses you. The hippogriff barely misses you.
The hippogriff closely misses you.
The hippogriff claws you but does no damage.
Firing (i - inventory):
h - 29 stones (quivered)
Press: ? - help, Shift-Dir - straight line, f/p - hippogriff
Aim: a hippogriff (moderately wounded)
You shoot a stone. The stone hits the hippogriff.
The hippogriff is moderately wounded.
The orc hits you but does no damage. The hippogriff bites you.
* * * LOW HITPOINT WARNING * * *
The hippogriff closely misses you. The hippogriff claws you.
* * * LOW HITPOINT WARNING * * *
The hippogriff closely misses you. The hippogriff pecks you.
You die...

..............##........#
#.###
....(.......####........#
#....
............#....[......#
#####
....(((.....#...........#
............#...........#
...#####(.........##...##
...# #.....(....##...#
.... #......oH..##...#
.... #........@.##...#
#...............########
#......................#
#.รท........[...........#
#...................)..#
#.....#######..........#
#...).# ############
#.....############# .##
#.................#


You could see a hippogriff and an orc.

Vanquished Creatures
  Jessica (D:3)
  3 oozes
  A worm (D:2)
  2 orcs (D:3)
  A ball python (Sewer)
  2 giant cockroaches
  8 hobgoblins
  6 jackals
  4 kobolds
  10 bats
  2 giant geckos
  5 giant newts
  6 goblins
  3 rats
54 creatures vanquished.

Notes
Turn   | Place    | Note
--------------------------------------------------------------
     0 | D:1      | Steifyn the Ogre Berserker began the quest for the Orb.
     0 | D:1      | Reached XP level 1. HP: 24/24 MP: 1/1
    89 | D:1      | Reached XP level 2. HP: 9/32 MP: 2/2
   728 | D:2      | Acquired Trog's second power
   787 | D:2      | Reached XP level 3. HP: 36/39 MP: 3/3
  1028 | D:3      | Found a sparkling altar of Nemelex Xobeh.
  1127 | D:3      | Noticed Jessica
  1138 | D:3      | Killed Jessica
  1138 | D:3      | Reached skill level 1 in Slings
  1138 | D:3      | Reached XP level 4. HP: 30/49 MP: 4/4
  1252 | D:3      | Found a glowing drain.
  1258 | Sewer    | Entered a sewer
  1798 | D:3      | Noticed a hippogriff
  1850 | D:3      | Slain by a hippogriff

Vault maps used:
D:1:      roderic_octagonal_star
D:2:      ecumenical_altar_2, nrook_loot_triangle
D:3:      nicolae_overflow_hidden_temple, nicolae_overflow_crystal_walls,
          portal_sewer_entry_e, minivault_14, minmay_misc_feat_columns,
          tgw_trog, uniq_natasha, uniq_jessica
Sewer:    sewer_fruit_machine

Action                   |  1- 3 |  4- 6 || total
-------------------------+-------+-------++-------
Melee: Mace              |    21 |       ||    21
       Hunting sling     |       |     6 ||     6
 Fire: Hunting sling     |    77 |    60 ||   137
  Use: Scroll            |     5 |     3 ||     8
       Potion            |     4 |     6 ||    10
  Eat: Bread ration      |       |     1 ||     1
       Beef jerky        |       |     1 ||     1
